 Dungeon Crawl Stone Soup version 0.24.0-2-g5b39cebb1c (webtiles) character file.

Game seed: 8583143130264259990, levelgen mode: deterministic

2246 Fv001 the Bolt Thrower (level 9, -2/106 HPs)
             Began as a Formicid Hunter on Oct 30, 2019.
             Slain by Duvessa
             ... wielding a +1 rapier of venom
              (9 damage)
             ... on level 7 of the Dungeon.
             The game lasted 00:24:32 (8351 turns).

Fv001 the Bolt Thrower (Formicid Hunter)            Turns: 8351, Time: 00:24:33

Health: -2/106     AC: 24    Str: 16 (18) XL:     9   Next: 63%
Magic:  0/9        EV:  2    Int: 10 (12) God:
Gold:   431        SH:  0    Dex:  9 (12) Spells: 8/8 levels left

rFire    . . .     SeeInvis .   b - +0 long sword
rCold    + . .     Gourm    .   (no shield)
rNeg     + + +     Faith    .   (armour currently unavailable)
rPois    +         Spirit   +   (helmet unavailable)
rElec    .         Reflect  .   (cloak currently unavailable)
rCorr    .         Harm     .   (gloves currently unavailable)
MR       .....                  (boots currently unavailable)
Stlth    +.........             q - amulet of guardian spirit
HPRegen  0.27/turn              n - ring of protection from cold
MPRegen  0.11/turn              (no ring)

@: lethally poisoned (-2 -> -2), tree-form, very slightly contaminated,
invisible
A: permanent stasis, dig shafts and tunnels, four strong arms
a: no special abilities


You were on level 7 of the Dungeon.
You were very hungry.
You were a tree.
You visited 1 branch of the dungeon, and saw 7 of its levels.

You collected 431 gold pieces.

Inventory:

Hand Weapons
 a - a +1 hand crossbow
 b - a +0 long sword (weapon)
Missiles
 d - 35 bolts
Armour
 g - a +0 ring mail
 i - a +0 plate armour
 u - a +0 chain mail (melded)
Jewellery
 n - a ring of protection from cold (left branch)
 q - an amulet of guardian spirit (around neck)
Wands
 p - a wand of flame (5)
Scrolls
 l - 2 scrolls of fear
 r - a scroll of fog {unknown}
 s - a scroll of enchant weapon {unknown}
 t - a scroll of random uselessness {unknown}
 v - a scroll of blinking {unknown}
 w - a scroll of magic mapping {unknown}
 y - a scroll of remove curse
Potions
 k - a potion of lignification
 o - a potion of haste {unknown}
 x - a potion of brilliance {unknown}
Comestibles
 f - 14 rations


   Skills:
 + Level 6.4 Fighting
 + Level 4.9 Long Blades
 + Level 6.9 Crossbows
 + Level 5.8 Armour
 + Level 5.2 Dodging
 - Level 1.2 Stealth


You had 8 spell levels left.
You didn't know any spells.
Your spell library was empty.

Dungeon Overview and Level Annotations

Branches:
Dungeon (7/15)
 Temple: D:4-7

Altars:
Makhleb
Uskayaw

Annotations:
D:7 1 transporter, Duvessa


Innate Abilities, Weirdness & Mutations

You cannot be hasted, slowed, berserked, paralysed or teleported.
You can dig through walls and to a lower floor.
Your four strong arms can wield two-handed weapons with a shield.
((You have a pair of large antennae on your head. (SInv)))


Message History

You are poisoned.
You hit Duvessa.
Duvessa is almost dead.
You feel sick.
Duvessa hits you with a +1 rapier of venom.
* * * LOW HITPOINT WARNING * * *
You barely miss Duvessa.
Duvessa is almost dead.
You feel sick.
Duvessa hits you with a +1 rapier of venom.
* * * LOW HITPOINT WARNING * * *
Duvessa hits you but does no damage.
You hit Duvessa but do no damage.
Duvessa is almost dead.
Duvessa hits you but does no damage.
You closely miss Duvessa.
Duvessa is almost dead.
You feel sick. Duvessa hits you but does no damage.
Duvessa hits you with a +1 rapier of venom!
You die...

..... #..#####..## ..
.... #.....#....# #..
...##### #....#.)...)
#...
#...#.####.#.....####
#...##...##.##..#....##
#
.....##..#.###....#...#
..........###...(....##
#.......##.(((.......
#.##..(♣...(........#.
###...e(.....(..#...
##..............##....
{ #...........#.....
#..#...._..###....>
#..###.....# ###..
##...#.....# #... #
##......#...##.....
#.###.......##.........


You could see Duvessa (berserk).

Vanquished Creatures
  Prince Ribbit (D:6)
  A hungry ghost (D:6)
  An ice beast (D:5)
  A sky beast (D:5)
  3 ogres
  2 centaurs
  A big kobold (D:6)
  2 bullfrogs (D:6)
  A scorpion (D:4)
  Dowan (D:7)
  3 killer bees (D:7)
  A bullfrog zombie (D:5)
  A jelly (D:6)
  5 hounds
  2 orc priests
  6 orc wizards
  Ijyb (D:3)
  A gnoll shaman (D:4)
  3 iguanas
  2 worker ants (D:6)
  A worker ant zombie (D:5)
  4 gnolls (D:4)
  11 adders
  A shadow imp (D:7)
  An adder zombie (D:7)
  An adder skeleton (D:6)
  2 worms
  A dart slug (D:3)
  3 leopard geckos
  26 orcs
  5 bats
  3 giant cockroaches
  10 goblins
  9 hobgoblins
  13 jackals
  4 quokkas
  2 ball pythons
  8 frilled lizards
  13 kobolds
  A leopard gecko skeleton (D:5)
  A quokka zombie (D:5)
  4 rats
163 creatures vanquished.

Notes
Turn   | Place    | Note
-------+----------+-------------------------------------------
     0 | D:1      | Fv001 the Formicid Hunter began the quest for the Orb.
     0 | D:1      | Reached XP level 1. HP: 16/16 MP: 1/1
   159 | D:1      | Reached XP level 2. HP: 23/23 MP: 2/2
   340 | D:1      | Reached skill level 1 in Armour
   552 | D:1      | Reached XP level 3. HP: 28/28 MP: 3/3
  1173 | D:2      | Found a faded altar of an unknown god.
  1284 | D:2      | Reached XP level 4. HP: 34/34 MP: 4/4
  1873 | D:3      | Reached XP level 5. HP: 41/41 MP: 5/5
  1965 | D:3      | Reached skill level 1 in Long Blades
  1966 | D:3      | Noticed Ijyb
  2399 | D:3      | Killed Ijyb
  2423 | D:3      | Reached XP level 6. HP: 12/47 MP: 6/6
  3721 | D:4      | Reached skill level 5 in Crossbows
  3813 | D:4      | Found a hide-covered altar of Uskayaw.
  3948 | D:4      | Reached XP level 7. HP: 51/54 MP: 5/7
  5174 | D:5      | Entered Level 5 of the Dungeon
  5257 | D:5      | Reached XP level 8. HP: 41/61 MP: 6/8
  5900 | D:5      | Reached skill level 5 in Fighting
  6983 | D:6      | Reached XP level 9. HP: 68/68 MP: 9/9
  7025 | D:6      | Reached skill level 5 in Armour
  7230 | D:7      | Found a transporter.
  7230 | D:7      | Noticed Dowan
  7232 | D:7      | Noticed Duvessa
  7561 | D:7      | Noticed Prince Ribbit
  7724 | D:6      | Killed Prince Ribbit
  7724 | D:6      | Reached skill level 5 in Dodging
  7875 | D:7      | Found a burning altar of Makhleb.
  8335 | D:7      | Killed Dowan
  8351 | D:7      | Slain by Duvessa

Levels and vault maps discovered:
D:1:      psy_arrival_statuary, layout_loops_ring, hex_medium
D:2:      layout_basic, chequers_ecumenical_altar_island, minmay_quantized
D:3:      corexii_shack_village, layout_loops_ring, uniq_ijyb
D:4:      layout_gridville, kennysheep_mini
D:5:      layout_basic, first_ration
D:6:      layout_basic, chequers_serial_rivers_small_b
D:7:      gammafunk_cloud_chamber, layout_cave_pools,
          gammafunk_temple_overflow_pools, minmay_temple_entry_crystal_x,
          basic_altar, grunt_ogre_cave, minmay_starry_boxes, uniq_duvessa,
          uniq_prince_ribbit1, uniq_joseph

Skill      XL: |  1  2  3  4  5  6  7  8  9 |
---------------+----------------------------+-----
Dodging        | 2 3 4 5 |  5.2
Armour         | 1 2 3 4 5 |  5.8
Fighting       | 3 4 5 6 |  6.4
Long Blades    | 1 2 3 4 |  4.9
Crossbows      | 5 6 |  6.9
Stealth        | |  1.2

Action                   |  1- 3 |  4- 6 |  7- 9 || total
-------------------------+-------+-------+-------++-------
Melee: Short sword       |    55 |    26 |       ||    81
       Long sword        |       |   193 |   277 ||   470
 Fire: Hand crossbow     |    41 |    43 |    97 ||   181
 Abil: Dig               |       |     1 |     3 ||     4
Evoke: Wand              |       |       |     1 ||     1
  Use: Scroll            |     4 |     4 |     3 ||    11
       Potion            |       |     4 |    10 ||    14
 Stab: Sleeping          |       |     1 |       ||     1
       Invisible         |       |       |     3 ||     3
  Eat: Chunk             |     1 |     9 |    16 ||    26
Armor: Ring mail         |    21 |    72 |    13 ||   106
       Skin              |       |    25 |     5 ||    30
       Chain mail        |       |       |   126 ||   126
Dodge: Dodged            |    43 |   122 |   202 ||   367
       Rpst.: Long sword |       |    38 |    57 ||    95
